 Dungeon Crawl Stone Soup version 0.29-a0-872-g797fff5ad1 (webtiles) character file.

Game seed: 16923536690191438873

963 Str4fe the Covered (level 7, -4/100 HPs)
             Began as a Minotaur Fighter on July 19, 2022.
             Slain by Pikel
             ... wielding a +2 whip of electrocution
              (15 damage)
             ... on level 5 of the Dungeon.
             The game lasted 00:14:01 (3899 turns).

Str4fe the Covered (Minotaur Fighter)               Turns: 3899, Time: 00:14:02

Health: -4/100     AC: 23    Str: 23    XL:     7   Next: 92%
Magic:  6/6        EV:  2    Int:  5    God:
Gold:   197        SH:  5    Dex: 15    Spells: 6/6 levels left

rFire   . . .      SeeInvis .   e - +6 club
rCold   . . .      Faith    .   c - +0 buckler
rNeg    . . .      Spirit   .   (body armour currently unavailable)
rPois   +          Reflect  .   (helmet currently unavailable)
rElec   .          Harm     .   (cloak currently unavailable)
rCorr   .          Rampage  .   (gloves currently unavailable)
Will    .....      NoTele   +   (boots currently unavailable)
Stlth   ++........              (no amulet)
HPRegen 0.26/turn               g - +6 ring of dexterity
MPRegen 0.10/turn               (no ring)

@: tree-form, unable to drink
A: stationary, stasis, torment immunity, boosted hp, (horns 2), (retaliatory
headbutt), robust 1, inability to drink while threatened 1
a: no special abilities


You were on level 5 of the Dungeon.
You were a tree.
You visited 1 branch of the dungeon, and saw 5 of its levels.

You collected 197 gold pieces.

Inventory:

Hand Weapons
 e - a +6 club (weapon)
Armour
 b - a +0 scale mail (melded)
 c - a +0 buckler (worn)
Jewellery
 g - a +6 ring of dexterity (left branch)
Wands
 k - a wand of iceblast (5)
Scrolls
 a - 2 scrolls of identify
 h - a scroll of immolation
Potions
 f - a potion of ambrosia


   Skills:
 + Level 5.3 Fighting
 + Level 4.4 Long Blades
 + Level 4.5 Maces & Flails
 + Level 6.7 Armour
 + Level 2.8 Dodging
 + Level 0.5 Stealth
 + Level 5.6 Shields


You had 6 spell levels left.
You didn't know any spells.
Your spell library contained the following spells:

 Spells                   Type           Power      Damage    Failure   Level
 Sting                    Tmut/Pois      0%         1d3       56%         1
 Poisonous Vapours        Pois/Air       0%         N/A       71%         2
 Conjure Flame            Conj/Fire      0%         6-21      90%         3
 Ignite Poison            Fire/Tmut/Pois 0%         N/A       90%         3
 Ozocubu's Armour         Ice            0%         N/A       90%         3
 Olgreb's Toxic Radiance  Pois           0%         N/A       100%        4
 Sticky Flame             Conj/Fire      0%         2d3       100%        4
 Ozocubu's Refrigeration  Ice            0%         4d5       100%        7


Dungeon Overview and Level Annotations

Branches:
Dungeon (5/15)             Temple (0/1) D:5

Altars:

Shops:
D:3 *

Annotations:
D:5 Pikel


Innate Abilities, Weirdness & Mutations

You are a tree.
Your roots penetrate the ground, keeping you stationary.
You cannot be teleported.
You are immune to unholy pain and torment.
Your maximum health is greatly increased.
Your equipment is partially melded.
((You have a pair of horns on your head.))
((You reflexively headbutt those who attack you in melee.))
You are robust. (+10% HP)
You occasionally lose the ability to drink potions when taking damage.


Message History

You hit Pikel but do no damage.
Pikel is severely wounded.
Pikel hits you with a +2 whip of electrocution!
You barely miss Pikel.
Pikel is severely wounded.
You block Pikel's attack.
You hit Pikel.
Pikel is severely wounded.
Pikel hits you but does no damage. x2
You barely miss Pikel.
Pikel is severely wounded.
Pikel hits you with a +2 whip of electrocution.
You hit Pikel.
Pikel is severely wounded.
You block Pikel's attack.
You hit Pikel but do no damage.
Pikel is severely wounded.
Pikel hits you but does no damage.
You barely miss Pikel.
Pikel is severely wounded.
Pikel hits you with a +2 whip of electrocution.
You closely miss Pikel.
Pikel is severely wounded.
Pikel hits you but does no damage.
You are electrocuted!
You feel threatened and lose the ability to drink potions!
You hit Pikel.
Pikel is almost dead.
You can drink potions again.
Pikel says, "I'm sure the Orcish Mines are around here somewhere..."
Pikel hits you with a +2 whip of electrocution!
* * * LOW HITPOINT WARNING * * *
You are electrocuted!!
You feel threatened and lose the ability to drink potions!
* * * LOW HITPOINT WARNING * * *
You hit Pikel but do no damage.
Pikel is almost dead.
You can drink potions again.
Pikel hits you but does no damage.
You are electrocuted!
You feel threatened and lose the ability to drink potions!
You die...

#........,,**,*****
#.#*******,**,****
#####.########.##.#*,**
#..........<.......,,,*
#####5#####.##.##.#*,**
#5# #.#*,**,**,** #5#
#..,,,,,,,,,,
#K#####.##,**,**,**
#.♣.......,**,,,,,,
#######+#.,,,,,,,,,
*,,,,,,**,**,**
*,,,,,,**,,,,**
*,,,,,,**,**,,,
*,,,,,,**,**,,,
****,,,,,,**,**,,,
*,,,,,,,,,,,,,,,,,
*,******,,**,**,,,


You could see Pikel and 3 lemures.

Vanquished Creatures
  A wyvern (D:4)
  Duvessa (D:4)
  2 black bears (D:4)
  A scorpion (D:4)
  Dowan (D:4)
  2 howler monkeys (D:4)
  A jelly (D:4)
  3 iguanas (D:4)
  Ijyb (D:4)
  An orc wizard (D:4)
  Robin (D:2)
  A gnoll (D:4)
  7 adders
  2 worms (D:2)
  4 orcs (D:4)
  5 bats
  4 endoplasms
  A giant cockroach (D:3)
  16 hobgoblins
  4 jackals (D:2)
  5 kobolds
  3 quokkas (D:2)
  3 ball pythons
  2 frilled lizards
  24 goblins
  2 rats (D:2)
98 creatures vanquished.

Notes
Turn   | Place    | Note
-------+----------+-------------------------------------------
     0 | D:1      | Str4fe the Minotaur Fighter began the quest for the Orb.
     0 | D:1      | Reached XP level 1. HP: 19/19 MP: 0/0
    13 | D:1      | You fall into a shaft and drop 1 floor!
   122 | D:2      | Reached XP level 2. HP: 4/27 MP: 1/1
   268 | D:2      | Gained mutation: You are weak. (Str -2) [potion of
                  | mutation]
   307 | D:2      | Reached skill level 4 in Armour
   416 | D:2      | Reached XP level 3. HP: 33/33 MP: 2/2
  1053 | D:2      | Reached XP level 4. HP: 36/41 MP: 3/3
  1153 | D:2      | Noticed Robin
  1165 | D:2      | Killed Robin
  1693 | D:3      | Lost mutation: You are weak. (Str -2) [potion of mutation]
  1693 | D:3      | Gained mutation: You are robust. (+10% HP) [potion of
                  | mutation]
  1693 | D:3      | Gained mutation: You occasionally lose the ability to drink
                  | potions when taking damage. [potion of mutation]
  1735 | D:3      | Found Daenwaun's Assorted Antiques.
  1982 | D:4      | Reached XP level 5. HP: 18/51 MP: 4/4
  2209 | D:4      | Reached skill level 5 in Armour
  2215 | D:4      | Reached skill level 1 in Dodging
  2217 | D:4      | Noticed a black bear
  2229 | D:4      | Killed a black bear
  2230 | D:4      | Reached skill level 1 in Maces & Flails
  2230 | D:4      | Reached XP level 6. HP: 55/58 MP: 5/5
  2283 | D:4      | Reached skill level 5 in Shields
  2382 | D:4      | Noticed Duvessa
  2382 | D:4      | Noticed Dowan
  2389 | D:4      | Killed Duvessa
  2390 | D:4      | Reached skill level 6 in Armour
  2390 | D:4      | Reached XP level 7. HP: 61/66 MP: 6/6
  2407 | D:4      | Killed Dowan
  2408 | D:4      | Reached skill level 5 in Fighting
  3224 | D:4      | Noticed a wyvern
  3229 | D:4      | Killed a wyvern
  3260 | D:4      | Noticed Ijyb
  3275 | D:4      | Killed Ijyb
  3858 | D:5      | Entered Level 5 of the Dungeon
  3866 | D:5      | Noticed Pikel
  3899 | D:5      | Slain by Pikel

Illustrated notes

Levels and vault maps discovered:
D:1:      minmay_arrival_checkered_box, layout_loops_ring
D:2:      cheibrodos_greedy_goblins, layout_loops_corners, grunt_ministairs_15,
          uniq_robin
D:3:      layout_basic, serial_shops, nicolae_shop_crystal
D:4:      minmay_recursive_quarters, layout_layer_cave, uniq_duvessa, uniq_ijyb
D:5:      layout_basic, minmay_temple_entry_junction, uniq_pikel, uniq_edmund,
          uniq_sigmund

Skill      XL: |  1  2  3  4  5  6  7 |
---------------+----------------------+-----
Shields        | 4 5 |  5.6
Armour         | 4 5 6 |  6.7
Fighting       | 4 5 |  5.3
Long Blades    | 3 4 |  4.4
Dodging        | 1 2 |  2.8
Maces & Flails | 1 2 4 |  4.5
Stealth        | |  0.5

Action                   |  1- 3 |  4- 6 |  7- 9 || total
-------------------------+-------+-------+-------++-------
Melee: Long sword        |   115 |    25 |       ||   140
       Headbutt          |    16 |    16 |     8 ||    40
       Club              |       |    56 |    64 ||   120
  Use: Potion            |     3 |     5 |     2 ||    10
       Scroll            |     2 |     5 |     2 ||     9
Armor: Scale mail        |    31 |    37 |    15 ||    83
       Skin              |    75 |       |    11 ||    86
Dodge: Dodged            |    54 |    39 |    21 ||   114
Block: Buckler           |    32 |    29 |    14 ||    75

Table legend: (Time is in decaauts)
 A = Elapsed time spent in this place.
 B = Non-inter-level travel time spent in this place.
 C = Inter-level travel time spent in this place.
 D = Time resting spent in this place.
 E = Time spent auto-exploring this place.
 F = Levels seen in this place.
 G = Mean time per level.
                   A        B        C        D        E       F      G
               +--------+--------+--------+--------+--------+-----+--------+
         Total |   3966 |   3173 |    793 |      0 |   2388 |   5 |  793.2 |
       Dungeon |   3966 |   3173 |    793 |      0 |   2388 |   5 |  793.2 |
               +--------+--------+--------+--------+--------+-----+--------+

Top non-repeatable levels by time:
     D:4: 1918 daAuts
     D:2: 1411 daAuts
     D:3: 581 daAuts
     D:5: 43 daAuts
     D:1: 13 daAuts
